AoeStats
← Oguri Cap

MegaRandom

505540448Analyzed
4v4 RM · 24d ago on Sep 9, 2026· 56m 34s· 8 players
Game mode
Random Map
Map size
Large (8 player)
Population
200
Speed
Normal
Resources
Standard
Victory
Conquest
Starting age
Dark Age
Ending age
Imperial Age
RankedLock teamsTeams togetherTeam positionsShared explorationLock speedFull tech treeHidden civsTurbo modeCheats
Victory
Defeat
🇳🇴 Gurjaras · Norway
1806
+3
🇸🇪 Maya · Sweden
1601
+8
🇬🇧 Bengalis · United Kingdom
1279
+19
🇸🇰 Poles · Slovakia
1175
+23
🇬🇧 Berbers · United Kingdom
1401
-14
🇦🇷 Tatars · Argentina
1396
-14
🇺🇸 Bulgarians · United States
1381
-13
🇮🇹 Celts · Italy
1351
-12
brendan.killough
0:36 Loom
10:45 Feudal Age
11:12 Double-Bit Axe
13:09 Wheelbarrow
17:02 Castle Age
17:05 Scale Mail Armor
18:12 Squires
19:00 Arson
19:30 Forging
23:01 Horse Collar
26:37 Hand Cart
27:44 Bow Saw
34:55 Imperial Age
32:51 Pikeman
33:17 Gambesons
34:38 Chain Mail Armor
34:59 Iron Casting
34:54 Devotion
37:04 Plate Mail Armor
39:12 Blast Furnace
41:42 Heavy Plow
42:46 Fletching
42:56 Padded Archer Armor
42:57 Elite Skirmisher
43:05 Elite Skirmisher
44:10 Leather Archer Armor
44:51 Ballistics
45:39 Chemistry
44:38 Bodkin Arrow
45:49 Bracer
46:36 Halberdier
49:57 Elite Genitour
52:44 Conscription
55:20 Onager
ZoonFAunlimónki
0:32 Loom
9:49 Feudal Age
10:19 Double-Bit Axe
12:05 Fletching
25:11 Castle Age
24:18 Horse Collar
26:42 Wheelbarrow
25:52 Town Watch
32:38 Hand Cart
41:43 Imperial Age
39:36 Gold Mining
39:37 Stone Mining
39:50 Heavy Plow
40:30 Padded Archer Armor
40:25 Bodkin Arrow
40:59 Ballistics
41:23 Caravan
42:06 Husbandry
42:28 Leather Archer Armor
42:45 Bow Saw
43:06 Crop Rotation
42:37 Bracer
43:50 Chemistry
44:26 Ring Archer Armor
44:16 Heavy Cavalry Archer
45:05 Silk Armor
45:22 Scale Barding Armor
45:29 Bloodlines
47:00 Conscription
48:27 Elite Genitour
53:19 Timurid Siegecraft
54:00 Guilds
54:23 Coinage
54:38 Light Cavalry
54:40 Heavy Camel Rider
55:14 Elite Steppe Lancer
milesburkley
0:34 Loom
11:34 Feudal Age
17:02 Castle Age
14:56 Double-Bit Axe
15:08 Horse Collar
16:20 Scale Barding Armor
17:27 Bloodlines
17:37 Forging
26:34 Wheelbarrow
27:52 Arson
28:16 Husbandry
31:31 Chain Barding Armor
32:13 Iron Casting
35:02 Bow Saw
34:56 Heavy Plow
36:48 Devotion
37:18 Gold Mining
37:55 Hand Cart
39:34 Stone Mining
40:20 Gold Shaft Mining
39:21 Light Cavalry
43:48 Imperial Age
43:55 Cavalier
45:30 Stone Shaft Mining
44:35 Heavy Camel Rider
46:08 Plate Barding Armor
47:12 Blast Furnace
46:46 Conscription
51:12 Ballistics
50:44 Fletching
52:15 Bodkin Arrow
eartahhj | GamingHouse
0:33 Loom
11:02 Feudal Age
13:02 Double-Bit Axe
12:58 Horse Collar
16:33 Castle Age
17:33 Bow Saw
19:10 Pikeman
20:12 Forging
20:02 Scale Mail Armor
28:49 Iron Casting
28:37 Chain Mail Armor
28:48 Arson
32:23 Wheelbarrow
33:19 Fletching
45:22 Gold Mining
45:34 Elite Skirmisher
48:43 Bodkin Arrow
48:48 Padded Archer Armor
51:29 Imperial Age
51:03 Man-at-Arms
51:29 Gambesons
51:46 Long Swordsman
53:31 Blast Furnace
53:01 Plate Mail Armor
52:36 Two-Handed Swordsman
53:39 Heavy Plow
54:30 Champion
Wkd Br0
0:31 Loom
11:32 Feudal Age
15:46 Castle Age
22:50 Sanctity
23:57 Double-Bit Axe
30:13 Atonement
31:26 Redemption
41:01 Fletching
41:12 Padded Archer Armor
41:38 Ballistics
44:20 Imperial Age
42:19 Bodkin Arrow
42:40 Leather Archer Armor
43:24 Wheelbarrow
43:10 Scale Barding Armor
43:20 Husbandry
43:30 Bloodlines
43:07 Treadmill Crane
45:03 Bracer
45:15 Horse Collar
47:00 Conscription
46:48 Paiks
47:53 Ring Archer Armor
47:43 Chain Barding Armor
49:23 Bow Saw
49:21 Siege Elephant
50:30 Gold Mining
50:30 Stone Mining
51:23 Elite Elephant Archer
52:35 Light Cavalry
54:06 Plate Barding Armor
53:42 Forging
58:03 Chemistry
hurm0k [PT]
0:30 Loom
9:45 Feudal Age
13:46 Castle Age
13:23 Double-Bit Axe
15:20 Fletching
21:01 Horse Collar
28:04 Bow Saw
30:05 Bodkin Arrow
34:10 Padded Archer Armor
34:37 Ballistics
38:58 Imperial Age
37:31 Leather Archer Armor
38:58 Wheelbarrow
39:38 Bracer
40:43 Chemistry
40:13 Ring Archer Armor
41:57 Conscription
41:10 Eagle Warrior
41:35 Arson
43:31 Forging
43:21 Scale Mail Armor
42:45 Pikeman
44:28 Hand Cart
44:20 Heavy Plow
44:00 Halberdier
44:41 Squires
46:42 Holcans
45:40 Elite Eagle Warrior
46:37 Chain Mail Armor
46:57 Iron Casting
47:17 Gold Mining
47:31 Elite Plumed Archer
49:13 Plate Mail Armor
50:24 Blast Furnace
51:54 Stone Mining
53:05 Caravan
Oguri Cap
11:52 Feudal Age
12:33 Double-Bit Axe
12:31 Horse Collar
16:24 Loom
26:00 Castle Age
25:02 Scale Barding Armor
25:34 Forging
25:27 Gold Mining
26:48 Scale Mail Armor
27:37 Bloodlines
27:20 Pikeman
33:14 Heavy Plow
33:30 Bow Saw
33:22 Husbandry
35:47 Wheelbarrow
38:00 Chain Barding Armor
38:18 Iron Casting
38:44 Light Cavalry
40:24 Szlachta Privileges
41:14 Fletching
46:44 Imperial Age
44:49 Hand Cart
47:16 Cavalier
48:19 Conscription
48:49 Winged Hussar
50:24 Coinage
51:20 Blast Furnace
50:16 Bodkin Arrow
50:21 Padded Archer Armor
56:09 Caravan
TAG_MbL_
0:31 Loom
11:00 Feudal Age
15:11 Castle Age
13:38 Double-Bit Axe
14:21 Horse Collar
17:04 Light Cavalry
24:06 Bow Saw
24:36 Wheelbarrow
24:08 Heavy Plow
25:20 Forging
25:46 Scale Barding Armor
26:29 Bloodlines
26:20 Husbandry
29:39 Iron Casting
29:50 Chain Barding Armor
31:16 Gold Mining
31:44 Hand Cart
35:26 Imperial Age
34:00 Fletching
34:34 Ballistics
35:57 Coinage
35:46 Bodkin Arrow
35:51 Padded Archer Armor
35:30 Heavy Camel Rider
36:46 Plate Barding Armor
36:36 Conscription
37:42 Chemistry
36:49 Bracer
36:52 Town Watch
37:38 Crop Rotation
37:46 Banking
37:42 Kshatriyas
46:15 Frontier Guards
46:02 Siege Elephant
51:10 Gold Shaft Mining
Connection lost

Rejoining the realm…

Still unreachable

The connection could not be restored.

Session expired

The server has moved on; the page needs a fresh start.